TOP OF THE 1ST |
Santa Fe Diablos batting - Pitching for Gainesville Guidos : LHP José Acevedo
|
Pitching: LHP José Acevedo
|
|
Batting: LHB Roberto Lozano
|
0-0: Ball 1-0: Called Strike 1-1: Foul Ball, location: 2F 1-2: Foul Ball, location: 2F 1-2: Ball 2-2: Strikes out swinging
|
Batting: LHB John Nicholson
|
0-0: Ball 1-0: Foul Ball, location: 2F 1-1: Called Strike 1-2: Ground out 4-3 (Groundball, 34)
|
Batting: RHB Roberto Zamora
|
0-0: Called Strike 0-1: Called Strike 0-2: Ball 1-2: Ball 2-2: Reached on Error, E9 (Line Drive, 9M)
|
Batting: RHB Henning Huisman
|
0-0: Called Strike 0-1: Ball 1-1: Swinging Strike 1-2: Foul Ball, location: 2F 1-2: Ball 2-2: Strikes out swinging
|
Top of the 1st over - 0 run(s), 0 hit(s), 1 error(s), 1 left on base; Santa Fe 0 - Gainesville 0 |
BOTTOM OF THE 1ST |
Gainesville Guidos batting - Pitching for Santa Fe Diablos : RHP Jerry Campbell
|
Pitching: RHP Jerry Campbell
|
|
Batting: RHB Iván Moreno
|
0-0: Ball 1-0: Fly out, F7 (Line Drive, 7LS)
|
Batting: RHB John Little
|
0-0: Ball 1-0: Called Strike 1-1: Ground out 6-3 (Groundball, 6)
|
Batting: LHB António Cedeño
|
0-0: Ball 1-0: Ball 2-0: Ground out 4-3 (Groundball, 4MS)
|
Bottom of the 1st over - 0 run(s), 0 hit(s), 0 error(s), 0 left on base; Santa Fe 0 - Gainesville 0 |
TOP OF THE 2ND |
Santa Fe Diablos batting - Pitching for Gainesville Guidos : LHP José Acevedo
|
Batting: LHB Gary Kern
|
0-0: Swinging Strike 0-1: Ball 1-1: Ball 2-1: Ball 3-1: Called Strike 3-2: Strikes out swinging
|
Batting: RHB Claudio Souza
|
0-0: Called Strike 0-1: Foul Ball, location: 2F 0-2: Ground out 6-3 (Groundball, 6M)
|
Batting: RHB Mike Martin
|
0-0: Called Strike 0-1: Ball 1-1: Called Strike 1-2: Ball 2-2: Ball 3-2: Strikes out looking
|
Top of the 2nd over - 0 run(s), 0 hit(s), 0 error(s), 0 left on base; Santa Fe 0 - Gainesville 0 |
BOTTOM OF THE 2ND |
Gainesville Guidos batting - Pitching for Santa Fe Diablos : RHP Jerry Campbell
|
Batting: RHB Kurt Walter
|
0-0: Ball 1-0: Ball 2-0: Swinging Strike 2-1: Swinging Strike 2-2: Fly out, F8 (Flyball, 8RM)
|
Batting: RHB José Ortega
|
0-0: Ball 1-0: Foul Ball, location: 2F 1-1: Called Strike 1-2: Strikes out swinging
|
Batting: RHB Lynn Ford
|
0-0: Fly out, F8 (Flyball, 8LD)
|
Bottom of the 2nd over - 0 run(s), 0 hit(s), 0 error(s), 0 left on base; Santa Fe 0 - Gainesville 0 |
TOP OF THE 3RD |
Santa Fe Diablos batting - Pitching for Gainesville Guidos : LHP José Acevedo
|
Batting: LHB Don Soper
|
0-0: Ground out 4-3 (Groundball, 4)
|
Batting: SHB Scott Compton
|
0-0: Foul Ball, location: 2F 0-1: Called Strike 0-2: Ball 1-2: Ball 2-2: Foul Ball, location: 2F 2-2: Ball 3-2: Ground out 1-3 (Groundball, 25)
|
Batting: LHB Roberto Lozano
|
0-0: Ball 1-0: Foul Ball, location: 2F 1-1: Fly out, F6 (Line Drive, 6)
|
Top of the 3rd over - 0 run(s), 0 hit(s), 0 error(s), 0 left on base; Santa Fe 0 - Gainesville 0 |
BOTTOM OF THE 3RD |
Gainesville Guidos batting - Pitching for Santa Fe Diablos : RHP Jerry Campbell
|
Batting: RHB Alfredo Díaz
|
0-0: Ball 1-0: Ball 2-0: Ball 3-0: Base on Balls
|
Batting: RHB Kyle O'Day
|
0-0: Ball 1-0: Fly out, F7 (Flyball, 78XD)
|
Batting: RHB Júlio Galló
|
0-0: Called Strike 0-1: Ball 1-1: Ball 2-1: SINGLE (Groundball, 6MD) Alfredo Díaz to second
|
Batting: RHB Iván Moreno
|
0-0: Ball 1-0: Foul Ball, location: 2F 1-1: Ground out U3 (Groundball, 3S) Alfredo Díaz to third Júlio Galló to second
|
Batting: RHB John Little
|
0-0: Ball 1-0: Fly out, F6 (Popup, 7LS)
|
Bottom of the 3rd over - 0 run(s), 1 hit(s), 0 error(s), 2 left on base; Santa Fe 0 - Gainesville 0 |
TOP OF THE 4TH |
Santa Fe Diablos batting - Pitching for Gainesville Guidos : LHP José Acevedo
|
Batting: LHB John Nicholson
|
0-0: Called Strike 0-1: Ball 1-1: Foul Ball, location: 2F 1-2: Ball 2-2: Ground out 3-1 (Groundball, 34)
|
Batting: RHB Roberto Zamora
|
0-0: Called Strike 0-1: Ball 1-1: Swinging Strike 1-2: Strikes out swinging
|
Batting: RHB Henning Huisman
|
0-0: Called Strike 0-1: Fly out, F5 (Popup, 56)
|
Top of the 4th over - 0 run(s), 0 hit(s), 0 error(s), 0 left on base; Santa Fe 0 - Gainesville 0 |
BOTTOM OF THE 4TH |
Gainesville Guidos batting - Pitching for Santa Fe Diablos : RHP Jerry Campbell
|
Batting: LHB António Cedeño
|
0-0: Called Strike 0-1: Called Strike 0-2: Ground out 4-3 (Groundball, 4)
|
Now at 2B: John Dinkins
|
|
Batting: RHB Kurt Walter
|
0-0: Called Strike 0-1: Fly out, F5 (Line Drive, 5)
|
Batting: RHB José Ortega
|
0-0: Called Strike 0-1: Ball 1-1: Swinging Strike 1-2: Foul Ball, location: 2F 1-2: Ball 2-2: Ground out 5-3 (Groundball, 56)
|
Bottom of the 4th over - 0 run(s), 0 hit(s), 0 error(s), 0 left on base; Santa Fe 0 - Gainesville 0 |
TOP OF THE 5TH |
Santa Fe Diablos batting - Pitching for Gainesville Guidos : LHP José Acevedo
|
Batting: LHB Gary Kern
|
0-0: Fly out, F9 (Flyball, 9D)
|
Batting: RHB Claudio Souza
|
0-0: Swinging Strike 0-1: Fly out, F5 (Popup, 5SF)
|
Batting: RHB Mike Martin
|
0-0: Ball 1-0: Ball 2-0: Called Strike 2-1: Swinging Strike 2-2: Ball 3-2: Strikes out swinging
|
Top of the 5th over - 0 run(s), 0 hit(s), 0 error(s), 0 left on base; Santa Fe 0 - Gainesville 0 |
BOTTOM OF THE 5TH |
Gainesville Guidos batting - Pitching for Santa Fe Diablos : RHP Jerry Campbell
|
Batting: RHB Lynn Ford
|
0-0: Foul Ball, location: 2F 0-1: Foul Ball, location: 2F 0-2: Ball 1-2: Ball 2-2: Strikes out swinging
|
Batting: RHB Alfredo Díaz
|
0-0: Foul Ball, location: 2F 0-1: Reached on error, E6 (Groundball, 6M)
|
Batting: RHB Kyle O'Day
|
0-0: Ball Wild Pitch! Alfredo Díaz to third 1-0: Ball 2-0: SINGLE (Flyball, 15) Alfredo Díaz scores
|
Batting: RHB Júlio Galló
|
0-0: Ball 1-0: Ground out 5-3 (Groundball, 5) Kyle O'Day to second
|
Batting: RHB Iván Moreno
|
0-0: Ball 1-0: Called Strike 1-1: Called Strike 1-2: Foul Ball, location: 2F 1-2: Fly out, F8 (Flyball, 8RS)
|
Bottom of the 5th over - 1 run(s), 1 hit(s), 1 error(s), 1 left on base; Santa Fe 0 - Gainesville 1 |
TOP OF THE 6TH |
Santa Fe Diablos batting - Pitching for Gainesville Guidos : LHP José Acevedo
|
Batting: LHB Don Soper
|
0-0: Ball 1-0: Called Strike 1-1: Foul Ball, location: 2F 1-2: Strikes out swinging
|
Batting: SHB Scott Compton
|
0-0: Called Strike 0-1: Ball 1-1: Foul Ball, location: 2F 1-2: Ball 2-2: Strikes out swinging
|
Batting: LHB Roberto Lozano
|
0-0: Ball 1-0: Foul Ball, location: 2F 1-1: Ball 2-1: Ball 3-1: Fly out, F8 (Flyball, 78M)
|
Top of the 6th over - 0 run(s), 0 hit(s), 0 error(s), 0 left on base; Santa Fe 0 - Gainesville 1 |
BOTTOM OF THE 6TH |
Gainesville Guidos batting - Pitching for Santa Fe Diablos : RHP Jerry Campbell
|
Batting: RHB John Little
|
0-0: Foul Ball, location: 2F 0-1: SINGLE (Groundball, 56D)
|
Batting: LHB António Cedeño
|
0-0: Swinging Strike 0-1: Fielders Choice at 2nd, 4-6 (Groundball, 4)
|
Batting: RHB Kurt Walter
|
0-0: Called Strike 0-1: Ball 1-1: Called Strike 1-2: Ball 2-2: Foul Ball, location: 2F 2-2: Ball 3-2: Grounds into double play, 6-4-3 (Groundball, 6)
|
Bottom of the 6th over - 0 run(s), 1 hit(s), 0 error(s), 0 left on base; Santa Fe 0 - Gainesville 1 |
TOP OF THE 7TH |
Santa Fe Diablos batting - Pitching for Gainesville Guidos : LHP José Acevedo
|
Batting: LHB John Nicholson
|
0-0: Foul Ball, location: 2F 0-1: Ball 1-1: Foul Ball, location: 2F 1-2: SINGLE (Line Drive, 3D)
|
Pitching: RHP Josh Higgins
|
|
Pinch Hitting: RHB Murai Ishihara
|
0-0: Fly out, F8 (Flyball, 8RS)
|
Batting: RHB Henning Huisman
|
0-0: Ball 1-0: Ball 2-0: Ball 3-0: Called Strike 3-1: Foul Ball, location: 2F 3-2: Base on Balls John Nicholson to second
|
Batting: LHB Gary Kern
|
0-0: Called Strike John Nicholson is caught stealing 3rd base Henning Huisman to second 0-1: Swinging Strike 0-2: Foul Ball, location: 2F 0-2: Strikes out swinging
|
Top of the 7th over - 0 run(s), 1 hit(s), 0 error(s), 1 left on base; Santa Fe 0 - Gainesville 1 |
BOTTOM OF THE 7TH |
Gainesville Guidos batting - Pitching for Santa Fe Diablos : RHP Jerry Campbell
|
Now at 2B: Murai Ishihara
|
|
Batting: RHB José Ortega
|
0-0: Swinging Strike 0-1: Swinging Strike 0-2: Strikes out swinging
|
Batting: RHB Lynn Ford
|
0-0: Foul Ball, location: 2F 0-1: Called Strike 0-2: Strikes out swinging
|
Batting: RHB Alfredo Díaz
|
0-0: Foul Ball, location: 2F 0-1: Ball 1-1: DOUBLE (Line Drive, 7LS)
|
Pinch Hitting: LHB Ed Murray
|
0-0: Fly out, F5 (Popup, 25F)
|
Bottom of the 7th over - 0 run(s), 1 hit(s), 0 error(s), 1 left on base; Santa Fe 0 - Gainesville 1 |
TOP OF THE 8TH |
Santa Fe Diablos batting - Pitching for Gainesville Guidos : RHP Josh Higgins
|
Pitching: RHP Marlon Ryan
|
|
Now in RF: Mark McDonald
|
|
Batting: RHB Claudio Souza
|
0-0: Ball 1-0: Foul Ball, location: 2F 1-1: Ball 2-1: Called Strike 2-2: Foul Ball, location: 2F 2-2: Ground out 5-3 (Groundball, 5)
|
Batting: RHB Mike Martin
|
0-0: Swinging Strike 0-1: Ball 1-1: Swinging Strike 1-2: Ball 2-2: Strikes out swinging
|
Pitching: LHP Kelly Henry
|
|
Batting: LHB Don Soper
|
0-0: Called Strike 0-1: Swinging Strike 0-2: Strikes out looking
|
Top of the 8th over - 0 run(s), 0 hit(s), 0 error(s), 0 left on base; Santa Fe 0 - Gainesville 1 |
BOTTOM OF THE 8TH |
Gainesville Guidos batting - Pitching for Santa Fe Diablos : RHP Jerry Campbell
|
Pitching: RHP David Sheppard
|
|
Batting: RHB Júlio Galló
|
0-0: Fly out, F9 (Flyball, 9M)
|
Batting: RHB Iván Moreno
|
0-0: Ball 1-0: Fly out, F8 (Line Drive, 8LS)
|
Batting: RHB John Little
|
0-0: Ball 1-0: Called Strike 1-1: Ball 2-1: DOUBLE (Line Drive, 9LM)
|
Batting: LHB António Cedeño
|
0-0: Ball 1-0: Ball 2-0: Called Strike 2-1: Called Strike 2-2: Foul Ball, location: 2F 2-2: Ball 3-2: Fly out, F7 (Flyball, 7M)
|
Bottom of the 8th over - 0 run(s), 1 hit(s), 0 error(s), 1 left on base; Santa Fe 0 - Gainesville 1 |
TOP OF THE 9TH |
Santa Fe Diablos batting - Pitching for Gainesville Guidos : LHP Kelly Henry
|
Pitching: LHP Ben Head
|
|
Now at C: Scott Young
|
|
Now at 1B: Doug Coleman
|
|
Batting: SHB Scott Compton
|
0-0: Called Strike 0-1: Ball 1-1: Ball 2-1: Ball 3-1: Base on Balls
|
Pinch Runner at 1st Félix Campos:
|
|
Pinch Hitting: RHB Lee Price
|
0-0: Sac Bunt - play at first, batter OUT! 2-4 Félix Campos to second
|
Batting: LHB John Nicholson
|
0-0: Swinging Strike 0-1: Ball 1-1: Called Strike 1-2: Foul Ball, location: 2F 1-2: Ball 2-2: Ball 3-2: Base on Balls
|
Batting: RHB Murai Ishihara
|
0-0: Swinging Strike 0-1: SINGLE (Groundball, 6M) Félix Campos to third John Nicholson to second Runner from 3rd tries for Home, SAFE, no throw or cutoff
|
Batting: RHB Henning Huisman
|
0-0: Ball 1-0: Foul Ball, location: 2F 1-1: Fielders Choice at 2nd, 6-4 (Groundball, 6) John Nicholson to third
|
Pinch Hitting: RHB José Alvarado
|
0-0: Ball 1-0: SINGLE (Line Drive, 8LS) John Nicholson scores Henning Huisman to second
|
Batting: RHB Claudio Souza
|
0-0: Ball 1-0: Swinging Strike 1-1: Foul Ball, location: 2F 1-2: Foul Ball, location: 2F 1-2: Foul Ball, location: 2F 1-2: SINGLE (Line Drive, 6M) Henning Huisman to third José Alvarado to second Runner from 3rd tries for Home, SAFE, no throw or cutoff
|
Batting: RHB Mike Martin
|
0-0: Ball 1-0: Ball 2-0: Called Strike 2-1: Foul Ball, location: 2F 2-2: Strikes out swinging
|
Top of the 9th over - 3 run(s), 3 hit(s), 0 error(s), 2 left on base; Santa Fe 3 - Gainesville 1 |
BOTTOM OF THE 9TH |
Gainesville Guidos batting - Pitching for Santa Fe Diablos : RHP David Sheppard
|
Pitching: RHP Manuel Zarate
|
|
Now at C: Javier Martínez
|
|
Now at 2B: George Adams
|
|
Now at SS: José Alvarado
|
|
Now in CF: Félix Campos
|
|
Batting: RHB Kurt Walter
|
0-0: Ball 1-0: Foul Ball, location: 2F 1-1: Ball 2-1: Foul Ball, location: 2F 2-2: Foul Ball, location: 2F 2-2: Ball 3-2: Base on Balls
|
Pinch Hitting: LHB Mark Owens
|
0-0: Ball 1-0: Called Strike 1-1: Ball 2-1: SINGLE (Groundball, 6M) Kurt Walter to second
|
Batting: RHB Lynn Ford
|
0-0: Sac Bunt - play at first, batter OUT! 4-3 Kurt Walter to third Mark Owens to second
|
Batting: RHB Alfredo Díaz
|
0-0: Ball 1-0: Ball 2-0: Ball 3-0: Base on Balls
|
Pinch Hitting: LHB Eddy Jefferson
|
0-0: Fielders Choice at 2nd, 3-6 (Groundball, 3) Kurt Walter scores Mark Owens to third
|
Pinch Hitting: SHB Kent Phillips
|
0-0: Swinging Strike 0-1: Ball 1-1: Ball 2-1: SINGLE (Groundball, 34D) Mark Owens scores Eddy Jefferson to second Runner from 2nd tries for 3rd, SAFE, no throw or cutoff
|
Batting: RHB Iván Moreno
|
0-0: Ball 1-0: Swinging Strike 1-1: Called Strike 1-2: Strikes out looking
|
Bottom of the 9th over - 2 run(s), 2 hit(s), 0 error(s), 2 left on base; Santa Fe 3 - Gainesville 3 |
TOP OF THE 10TH |
Santa Fe Diablos batting - Pitching for Gainesville Guidos : LHP Ben Head
|
Now at 2B: Mark Owens
|
|
Now at SS: Eddy Jefferson
|
|
Now in RF: Pedro Juárez
|
|
Batting: LHB Don Soper
|
0-0: Foul Ball, location: 2F 0-1: SOLO HOME RUN (Flyball, 89XD), Distance : 390 ft
|
Pitching: RHP Juan Mora
|
|
Batting: RHB Félix Campos
|
0-0: Called Strike 0-1: Ball 1-1: Ball 2-1: Ground out 4-3 (Groundball, 4M)
|
Batting: LHB Javier Martínez
|
0-0: Ball 1-0: Foul Ball, location: 2F 1-1: Ball 2-1: Foul Ball, location: 2F 2-2: Foul Ball, location: 2F 2-2: Foul Ball, location: 2F 2-2: Foul Ball, location: 2F 2-2: Ball 3-2: Foul Ball, location: 2F 3-2: Foul Ball, location: 2F 3-2: Base on Balls
|
Batting: LHB John Nicholson
|
0-0: Ball 1-0: Ball 2-0: Called Strike 2-1: Foul Ball, location: 2F 2-2: Ball 3-2: Base on Balls Javier Martínez to second
|
Batting: SHB George Adams
|
0-0: Fly out, F5 (Popup, 56S)
|
Batting: RHB Henning Huisman
|
0-0: Ball 1-0: Called Strike 1-1: Ball 2-1: Called Strike 2-2: Strikes out looking
|
Top of the 10th over - 1 run(s), 1 hit(s), 0 error(s), 2 left on base; Santa Fe 4 - Gainesville 3 |
BOTTOM OF THE 10TH |
Gainesville Guidos batting - Pitching for Santa Fe Diablos : RHP Manuel Zarate
|
Now at 2B: David Hernández
|
|
Batting: LHB Scott Young
|
0-0: Ball 1-0: Ball 2-0: Ground out 4-3 (Groundball, 34)
|
Batting: RHB Doug Coleman
|
0-0: Called Strike 0-1: Ground out 5-3 (Groundball, 56)
|
Batting: RHB Kurt Walter
|
0-0: Ball 1-0: Called Strike 1-1: Ground out 6-3 (Groundball, 6)
|
Bottom of the 10th over - 0 run(s), 0 hit(s), 0 error(s), 0 left on base; Santa Fe 4 - Gainesville 3 |
|